 Dungeon Crawl Stone Soup version 0.27-a0-668-gb5737ff2c0 (webtiles) character file.

Game seed: 5567328049785942971

191 lunkers the Skirmisher (level 5, -1/58 HPs)
             Began as an Ogre Fighter on Mar 17, 2021.
             Slain by an orc (3 damage)
             ... on level 2 of the Dungeon.
             The game lasted 00:06:07 (3734 turns).

lunkers the Skirmisher (Ogre Fighter)               Turns: 3734, Time: 00:06:08

Health: -1/58      AC:  3    Str: 21    XL:     5   Next: 70%
Magic:  5/5        EV:  8    Int:  9    God:
Gold:   116        SH:  8    Dex:  8    Spells: 4/4 levels left

rFire    . . .     SeeInvis .   a - +0 flail
rCold    . . .     Faith    .   c - +0 kite shield
rNeg     . . .     Spirit   .   b - +0 robe
rPois    .         Reflect  .   (helmet restricted)
rElec    .         Harm     .   (no cloak)
rCorr    .         Rampage  .   (gloves unavailable)
Will     .....                  (boots unavailable)
Stlth    +.........             (no amulet)
HPRegen  0.19/turn              (no ring)
MPRegen  0.09/turn              (no ring)

@: no status effects
A: large, unfitting armour, tough skin 1
a: no special abilities


You were on level 2 of the Dungeon.
You visited 1 branch of the dungeon, and saw 3 of its levels.

You collected 116 gold pieces.

Inventory:

Hand Weapons
 a - a +0 flail (weapon)
Missiles
 h - 10 stones (quivered)
 i - 22 poisoned darts
Armour
 b - a +0 robe (worn)
 c - a +0 kite shield (worn)
Scrolls
 e - a scroll of amnesia {unknown}
 f - 5 scrolls of identify {unknown}
Potions
 d - 2 potions of might
 g - a potion of brilliance {unknown}
 j - a potion of haste {unknown}
 k - a potion of curing {unknown}


   Skills:
 + Level 5.6 Fighting
 * Level 4.4 Maces & Flails
 - Level 2.6 Dodging
 - Level 2.6 Shields


You had 4 spell levels left.
You didn't know any spells.
Your spell library was empty.

Dungeon Overview and Level Annotations

Branches:
Dungeon (3/15)

Altars:

Shops:
D:2 (


Innate Abilities, Weirdness & Mutations

You are too large for most types of armour.
You have tough skin. (AC +1)


Message History

You climb downwards.
You block the orc's attack. The orc hits you.
There is a stone staircase leading up here.
You sock the orc!
You kill the orc!
You block the orc's attack.
You barely miss the orc. The orc hits you. You block the orc's attack.
The orc hits you. The orc hits you with a +3 short sword!
The orc hits you with a +0 mace. The orc hits you.
You climb upwards.
There is a stone staircase leading down here.
You hit the orc but do no damage. The orc hits you with a +3 short sword.
The orc hits you with a +0 mace!
* * * LOW HITPOINT WARNING * * *
The orc barely misses you.
You hit the orc but do no damage. You block the orc's attack. x2
The orc closely misses you. The orc hits you with a +3 short sword.
* * * LOW HITPOINT WARNING * * *
The orc hits you with a +0 mace.
* * * LOW HITPOINT WARNING * * *
You hit the orc but do no damage. You block the orc's attack.
The orc closely misses you. You block the orc's attack. The orc hits you.
* * * LOW HITPOINT WARNING * * *
You closely miss the orc. You block the orc's attack. x2
The orc barely misses you. The orc hits you with a +3 short sword!
* * * LOW HITPOINT WARNING * * *
You hit the orc.
The orc is heavily wounded.
You block the orc's attack. The orc hits you but does no damage.
The orc misses you. The orc completely misses you. The orc misses you.
You barely miss the orc.
The orc is heavily wounded.
The orc hits you with a +3 short sword.
* * * LOW HITPOINT WARNING * * *
The orc hits you but does no damage. The orc hits you.
* * * LOW HITPOINT WARNING * * *
You thump the orc!
You kill the orc!
The orc barely misses you. The orc hits you.
You die...

#.# #.# #.. #.#
#.# #.# #.# #.#
#.# #.# #.# ##.#
#.# #.# #... #.#
#.# #..# #.# #.#
#.†#
#.###.##########
#..#
#.....o@o......#
#..#
#####.#)#^####.#
##... #..#.......#
#....
###.#.####.##
#...(
#.#..##.#.####.#.#
#......###........
#.##..## ##.....#.
#.##.#.###.##.....
#.##.##.#.###.###.


You could see 2 orcs.

Vanquished Creatures
  A worker ant (D:2)
  7 adders
  A gnoll (D:1)
  5 worms
  3 dart slugs
  A leopard gecko (D:1)
  6 orcs
  A ball python (D:3)
  6 giant cockroaches
  6 goblins
  7 hobgoblins
  4 jackals (D:3)
  A quokka (D:3)
  5 bats
  3 frilled lizards
  9 kobolds
  5 rats
71 creatures vanquished.

Notes
Turn   | Place    | Note
-------+----------+-------------------------------------------
     0 | D:1      | lunkers the Ogre Fighter began the quest for the Orb.
     0 | D:1      | Reached XP level 1. HP: 24/24 MP: 1/1
   128 | D:1      | Reached XP level 2. HP: 20/33 MP: 2/2
   292 | D:1      | Upgraded the game from 0.27-a0-660-g90476cec82 to
                  | 0.27-a0-668-gb5737ff2c0
   716 | D:1      | Reached XP level 3. HP: 37/40 MP: 3/3
  1495 | D:2      | Reached XP level 4. HP: 34/49 MP: 4/4
  1786 | D:2      | Reached skill level 5 in Fighting
  1952 | D:2      | Found Kymurepheo's Antique Weapon Shoppe.
  2031 | D:2      | Reached XP level 5. HP: 34/57 MP: 5/5
  3733 | D:2      | HP: 2/58 [orc (3)]
  3734 | D:2      | Slain by an orc

Illustrated notes

Levels and vault maps discovered:
D:1:      co_arrival_hexagon_in_a_hexagon, layout_loops_ring
D:2:      layout_loops_ring, serial_shops, shop
D:3:      layout_loops_ring

Skill      XL: |  1  2  3  4  5 |
---------------+----------------+-----
Maces & Flails | 2 3 4 |  4.4
Fighting       | 5 |  5.6
Dodging        | |  2.6
Shields        | |  2.6

Action                   |  1- 3 |  4- 6 || total
-------------------------+-------+-------++-------
Melee: Flail             |    84 |   161 ||   245
Throw: Stone             |    11 |    48 ||    59
Armor: Robe              |    14 |    26 ||    40
Dodge: Dodged            |    37 |    65 ||   102
Block: Kite shield       |    38 |    75 ||   113

Table legend: (Time is in decaauts)
 A = Elapsed time spent in this place.
 B = Non-inter-level travel time spent in this place.
 C = Inter-level travel time spent in this place.
 D = Time resting spent in this place.
 E = Time spent auto-exploring this place.
 F = Levels seen in this place.
 G = Mean time per level.
                   A        B        C        D        E       F      G
               +--------+--------+--------+--------+--------+-----+--------+
         Total |   3861 |   3759 |    102 |    165 |   2943 |   3 | 1287.0 |
       Dungeon |   3861 |   3759 |    102 |    165 |   2943 |   3 | 1287.0 |
               +--------+--------+--------+--------+--------+-----+--------+

Top non-repeatable levels by time:
     D:2: 1960 daAuts
     D:1: 1362 daAuts
     D:3: 538 daAuts
